 Dungeon Crawl Stone Soup version 0.23-a0-8-gb809bb7 (webtiles) character file.

1735632 Amnesiac the Archmage (level 26, 178/188 HPs)
             Began as a Mummy Wizard on Aug 1, 2018.
             Was the Champion of Vehumet.
             Escaped with the Orb
             ... and 3 runes on Aug 2, 2018!
             The game lasted 02:46:21 (63417 turns).

Amnesiac the Archmage (Mummy Wizard)               Turns: 63417, Time: 02:46:22

Health: 178/188    AC: 10    Str: 15    XL:     26   Next: 15%
Magic:  72/72      EV: 20    Int: 40    God:    Vehumet [******]
Gold:   3821       SH: 15    Dex: 14    Spells: 12/79 levels left

rFire    . . .     SeeInvis +   a - staff of conjuration
rCold    + + .     Gourm    .   t - +2 shield "Weerew" {rElec Str+5 Int+3 Stlth-}
rNeg     + + +     Faith    .   v - +2 robe {Archmagi}
rPois    ∞         Spirit   .   P - +1 helmet "Vafapywe" {rC++ rCorr Str-2 Dex+4}
rElec    +         Reflect  .   c - scarf {repulsion}
rCorr    +         Harm     .   L - +2 pair of gloves
MR       +++..                  q - +0 pair of boots of the Untouchables {rCorr MP+9}
Stlth    ..........             E - amulet "Qecal" {+Rage MP+9}
HPRegen  0.41/turn              H - ring of Fogiev {+Inv rPois Int+9 SInv Stlth-}
MPRegen  0.43/turn              r - ring of fire

@: repel missiles
A: no food or potions, fire vulnerability, cold resistance 1, negative energy
resistance 3, torment resistance, unbreathing, in touch with death 2
0: Orb of Zot
}: 3/15 runes: decaying, slimy, gossamer
a: Renounce Religion, Evoke Invisibility


You escaped.
You worshipped Vehumet.
Vehumet was exalted by your worship.
You were not hungry.

You visited 10 branches of the dungeon, and saw 50 of its levels.
You visited the Abyss 1 time.
You also visited: Labyrinth, Bailey and Ice Cave.

You collected 5676 gold pieces.
You spent 1855 gold pieces at shops.

Inventory:

Hand Weapons
 O - a +8 quick blade of chaos
Armour
 c - a scarf of repulsion (worn)
 q - the +0 pair of boots of the Untouchables (worn) {rCorr MP+9}
   (You acquired it on level 4 of the Spider Nest)

   It affects your magic capacity (+9).
   It provides partial protection from all sources of acid and corrosion.
 t - the +2 shield "Weerew" (worn) {rElec Str+5 Int+3 Stlth-}
   (You acquired it on level 2 of the Depths)

   It affects your strength (+5).
   It affects your intelligence (+3).
   It insulates you from electricity.
   It makes you less stealthy.
 v - a +2 robe of the Archmagi (worn)
 L - a +2 pair of gloves (worn)
 P - the +1 helmet "Vafapywe" (worn) {rC++ rCorr Str-2 Dex+4}
   (You found it on level 3 of the Elven Halls)

   It affects your strength (-2).
   It affects your dexterity (+4).
   It greatly protects you from cold.
   It provides partial protection from all sources of acid and corrosion.
Magical Staves
 a - an uncursed staff of conjuration (weapon)
 b - an uncursed staff of energy
 w - an uncursed staff of wizardry
Jewellery
 d - an uncursed amulet of guardian spirit
 r - a ring of fire (right hand)
 A - an uncursed ring of flight
 D - the ring of Pyromania {rF+ AC+4}
   (You took it off a deep elf mage on level 3 of the Elven Halls)

   [ring of protection]

   It affects your AC (+4).
   It protects you from fire.
 E - the amulet "Qecal" (around neck) {+Rage MP+9}
   (You found it on level 2 of the Swamp)

   [amulet of rage]

   It affects your magic capacity (+9).
   It lets you go berserk.
 H - the ring of Fogiev (left hand) {+Inv rPois Int+9 SInv Stlth-}
   (You found it on level 1 of the Spider Nest)

   [ring of poison resistance]

   It affects your intelligence (+9).
   It protects you from poison.
   It lets you see invisible.
   It lets you turn invisible.
   It makes you less stealthy.
Wands
 n - a wand of paralysis (102)
 o - a wand of disintegration (49)
 B - a wand of iceblast (12)
 C - a wand of enslavement (87)
 G - a wand of scattershot (4)
 J - a wand of digging (48)
Scrolls
 e - 5 scrolls of fear {!r}
 f - 6 scrolls of amnesia {!r}
 g - 14 scrolls of teleportation {!r}
 j - 3 scrolls of blinking {!r}
 l - 16 scrolls of remove curse {!r}
 m - 3 scrolls of magic mapping {!r}
 y - a scroll of torment {!r}
 z - 3 scrolls of vulnerability {!r}
 F - 2 scrolls of enchant armour {!r}
 I - 6 scrolls of identify {!r}
 M - a scroll of fog {!r}
Miscellaneous
 h - a box of beasts
 p - a lamp of fire
 s - 2 phantom mirrors
 x - a phial of floods
 N - a crystal ball of energy
 R - a lightning rod (4/4)
 S - a sack of spiders


   Skills:
 + Level 11.0 Fighting
 * Level 11.7 Dodging
 - Level 4.0 Stealth
 - Level 15.0 Shields
 O Level 27 Spellcasting
 - Level 19.0 Conjurations
 - Level 3.0 Hexes
 - Level 0.7 Summonings
 - Level 3.0 Necromancy
 - Level 0.7 Translocations
 - Level 19.0 Fire Magic
 - Level 4.0 Evocations


You had 12 spell levels left.
You knew the following spells:

 Your Spells              Type           Power        Failure   Level  Hunger
a - Bolt of Draining      Conj/Necr      #########.   1%          5    N/A
b - Passwall              Tmut/Erth      ######..     1%          2    N/A
c - Call Imp              Summ           ######..     1%          2    N/A
d - Orb of Destruction    Conj           #########.   1%          7    N/A
e - Fire Storm            Conj/Fire      #########.   3%          9    N/A
f - Iskenderun's Battles  Conj/Chrm      ########     1%          5    N/A
g - Magic Dart            Conj           ####         0%          1    N/A
h - Airstrike             Air            ######....   1%          4    N/A
i - Static Discharge      Conj/Air       ########     0%          3    N/A
j - Poison Arrow          Conj/Pois      ########..   1%          6    N/A
k - Yara's Violent Unrav  Hex/Tmut       #######...   1%          5    N/A
l - Fireball              Conj/Fire      #########.   0%          5    N/A
q - Mephitic Cloud        Conj/Pois/Air  ########     1%          3    N/A
s - Conjure Flame         Conj/Fire      ########     0%          3    N/A
v - Blink                 Tloc           N/A          1%          2    N/A
w - Irradiate             Conj/Tmut      ########..   1%          5    N/A

Your spell library contained the following spells:

 Spells                   Type           Power        Failure   Level  Hunger
 Cause Fear               Hex            #######...   1%          4    N/A
 Apportation              Tloc           ######       1%          1    N/A
 Bolt of Cold             Conj/Ice       ########..   1%          6    N/A
 Lightning Bolt           Conj/Air       ########..   1%          5    N/A
 Bolt of Magma            Conj/Fire/Erth #########.   1%          5    N/A
 Slow                     Hex            #######.     1%          2    N/A
 Confuse                  Hex            #######.     1%          3    N/A
 Invisibility             Hex            #######.     14%         6    N/A
 Throw Frost              Conj/Ice       ######       0%          2    N/A
 Freezing Cloud           Conj/Ice/Air   ########..   1%          6    N/A
 Venom Bolt               Conj/Pois      ########..   1%          5    N/A
 Summon Small Mammal      Summ           ####         1%          1    N/A
 Lehudib's Crystal Spear  Conj/Erth      ########..   11%         8    N/A
 Animate Dead             Necr           N/A          1%          4    N/A
 Pain                     Necr           ####         1%          1    N/A
 Animate Skeleton         Necr           N/A          1%          1    N/A
 Vampiric Draining        Necr           ########..   1%          3    N/A
 Ozocubu's Refrigeration  Ice            ######....   13%         6    N/A
 Summon Ice Beast         Ice/Summ       ######..     2%          4    N/A
 Dispel Undead            Necr           ########     2%          5    N/A
 Regeneration             Chrm/Necr      ########..   1%          3    N/A
 Sublimation of Blood     Necr           ########..   1%          2    N/A
 Tukima's Dance           Hex            #######.     1%          3    N/A
 Corpse Rot               Necr           N/A          1%          2    N/A
 Iron Shot                Conj/Erth      ########..   1%          6    N/A
 Stone Arrow              Conj/Erth      ######       0%          3    N/A
 Shock                    Conj/Air       ####         0%          1    N/A
 Swiftness                Chrm/Air       ######..     1%          2    N/A
 Agony                    Necr           ########     2%          5    N/A
 Spider Form              Tmut/Pois      ######....   1%          3    N/A
 Blade Hands              Tmut           ######....   9%          5    N/A
 Statue Form              Tmut/Erth      ######...    43%         6    N/A
 Ice Form                 Ice/Tmut       ######..     3%          4    N/A
 Dragon Form              Tmut           ######....   95%         7    N/A
 Glaciate                 Conj/Ice       ########..   80%         9    N/A
 Confusing Touch          Hex            ######       1%          1    N/A
 Ignite Poison            Fire/Tmut/Pois ########     1%          3    N/A
 Sticks to Snakes         Tmut           ######..     1%          2    N/A
 Call Canine Familiar     Summ           ######..     1%          3    N/A
 Ensorcelled Hibernation  Hex/Ice        ######       1%          2    N/A
 Metabolic Englaciation   Hex/Ice        #######...   4%          5    N/A
 Summon Butterflies       Summ           ######..     1%          1    N/A
 Corona                   Hex            #######      1%          1    N/A
 Alistair's Intoxication  Tmut/Pois      ######..     9%          5    N/A
 Lee's Rapid Deconstruct  Erth           ######....   2%          5    N/A
 Sandblast                Erth           ######       1%          1    N/A
 Simulacrum               Ice/Necr       ########..   26%         6    N/A
 Chain Lightning          Conj/Air       ########..   11%         8    N/A
 Excruciating Wounds      Chrm/Necr      ########..   4%          5    N/A
 Portal Projectile        Hex/Tloc       ######       1%          3    N/A
 Petrify                  Tmut/Erth      ######..     3%          4    N/A
 Passage of Golubria      Tloc           N/A          2%          4    N/A
 Leda's Liquefaction      Hex/Erth       #######...   1%          4    N/A
 Summon Hydra             Summ           ######....   89%         7    N/A
 Darkness                 Hex            #######...   14%         6    N/A
 Shroud of Golubria       Chrm/Tloc      ######....   1%          2    N/A
 Inner Flame              Hex/Fire       ########     0%          3    N/A
 Beastly Appendage        Tmut           ######       1%          1    N/A
 Dazzling Spray           Conj/Hex       ######       0%          3    N/A
 Infusion                 Chrm           ####         1%          1    N/A
 Song of Slaying          Chrm           ######..     1%          2    N/A
 Spectral Weapon          Hex/Chrm       #######.     1%          3    N/A
 Spellforged Servitor     Conj/Summ      ########..   1%          7    N/A
 Summon Mana Viper        Hex/Summ       #######.     4%          5    N/A
 Hydra Form               Tmut           ######....   43%         6    N/A
 Gell's Gravitas          Tloc           ######....   1%          3    N/A

Dungeon Overview and Level Annotations

Branches:
Dungeon (15/15)            Temple (0/1) D:7            Lair (6/6) D:10
  Swamp (4/4) Lair:4       Spider (4/4) Lair:3        Slime (5/5) Lair:6
    Orc (2/2) D:9             Elf (3/3) Orc:2        Vaults (0/5) D:14
 Depths (5/5) D:15           Hell (1/1)                 Zot (5/5) Depths:5
    Dis: Hell:1         Geh: Hell:1         Coc: Hell:1         Tar: Hell:1

Altars:
Ashenzari
Dithmenos
Okawaru
Qazlal
Sif Muna
Trog
Vehumet
Yredelemnul
Beogh
Jiyva

Shops:
D:7 }   D:8 [   D:10 :   D:12 =   D:14 (*?*[   Orc:2 [=}(   Elf:1 =   Elf:2 ?
Elf:3 }==

Portals:
Hell: Depths:1 Depths:2 Depths:3 Depths:4 Depths:5
Abyss: Depths:4
Pandemonium: Depths:3
Ziggurat: Depths:2

Annotations:
Depths:2 1 runed door
Zot:2 exclusion: upstairs
Zot:3 exclusion: upstairs
Zot:5 exclusion: upstairs


Innate Abilities, Weirdness & Mutations

You do not eat or drink.
Your flesh is vulnerable to fire.
You are immune to poison.
Your flesh is cold resistant. (rC+)
You are immune to negative energy. (rN+++)
You are immune to unholy pain and torment.
You can survive without breathing.
You are strongly in touch with the powers of death.


Message History

You kill Bang!
Vehumet accepts your kill.
You feel your power returning.
Your Fighting skill increases to level 11!
Unknown command.
(D) Dungeon (T) Temple (L) Lair (S) Swamp (N) Spider Nest (M) Slime Pits (O) Orcish Mines (E) Elven Halls (V) Vaults (U) Depths (H) Hell (Z) Zot
Where to? (Enter - D:1 @ (x,y), ? - help)
An angel comes into view. It is wielding a whip of holy wrath.
There is a stone staircase leading up here.
You climb upwards.
There is a stone staircase leading down here.
(D) Dungeon (T) Temple (L) Lair (S) Swamp (N) Spider Nest (M) Slime Pits (O) Orcish Mines (E) Elven Halls (V) Vaults (U) Depths (H) Hell (Z) Zot
Where to? (Enter - D:1 @ (x,y), ? - help) Magic restored.
There is a stone staircase leading up here.
You climb upwards.
There is a stone staircase leading down here.
You see here a dagger.
Magic restored.
There is an open door here.
There is a stone staircase leading up here.
You climb upwards.
There is a stone staircase leading down here.
You see here a whip.
There is a stone staircase leading up here.
You climb upwards.
There is a stone staircase leading down here.
There is a stone staircase leading up here.
You climb upwards.
A hellwing comes into view.
There is a stone staircase leading down here.
Casting: Fire Storm (slightly dangerous; 3% risk of failure)
Confirm with . or Enter, or press ? or * to list all spells.
Aiming: Fire Storm (slightly dangerous; 3% risk of failure)
Press: ? - help, Dir - move target cursor, f - hellwing
Aim: a hellwing You feel a huge surge of power!
A raging storm of fire appears!
The great blast of fire engulfs the hellwing.
You kill the hellwing!
Vehumet accepts your kill.
Your fire vortex moves out of view.
Really walk into that cloud of flame?
You are engulfed in blazing flames.
You are engulfed in blazing flames.
You swap places.
There is a stone staircase leading up here.
You climb upwards.
There is a stone staircase leading down here.
(D) Dungeon (T) Temple (L) Lair (S) Swamp (N) Spider Nest (M) Slime Pits (O) Orcish Mines (E) Elven Halls (V) Vaults (U) Depths (H) Hell (Z) Zot
Where to? (Enter - D:1 @ (x,y), ? - help)
What level of the Dungeon? (default 1, ? - help) Magic restored.
There is a stone staircase leading up here.
You climb upwards.
There is a stone staircase leading down here.
You see here a +0 hat.
There is a staircase leading out of the dungeon here.
You have escaped!

#.# ##.####.##### #.# #.# #.#
#.# #.# #.# #.# #.#
##########.# #.# #.# #.#
#..........#
#####.####.####.###.##########
#........................#
#.###....###+#######'###.#
#.#!#..#.#..⌠...>...⌠..#.#
..###....#......@......#.#
.........+⌠....###....⌠+.#
#####..#.#..........%..#.#
##.#.#######÷#######.########
##.#.#..........[..#.........
#....#.............#.....####
#.#..#.............#†###.#
#.#.(###############.# #.#
#.##............†.(..###.#


There were no monsters in sight!

Vanquished Creatures
  Dissolution (Slime:2)
  the Royal Jelly (Slime:5)
  2 pandemonium lords
  A seraph (Depths:5)
  7 orbs of fire (Zot:5)
  3 juggernauts
  6 ancient liches
  A curse toe (Zot:5)
  A caustic shrike (Depths:3)
  Geryon (Hell)
  Nikola (Elf:1)
  3 Killer Klowns (Zot:5)
  3 golden dragons
  2 Tzitzimimeh
  2 electric golems (Zot:5)
  12 tentacled monstrosities
  A Brimstone Fiend (Depths:5)
  A hellephant (Zot:3)
  2 Hell Sentinels
  2 deep elf blademasters (Elf:3)
  36 Orb Guardians
  A titan (Depths:5)
  8 liches
  2 deep elf master archers (Elf:3)
  2 Executioners
  4 quicksilver dragons
  A tentacled starspawn (Abyss:2)
  3 sphinxes
  30 acid blobs
  4 thorn hunters
  2 shadow dragons
  6 death cobs
  Roxanne (Swamp:4)
  6 storm dragons
  2 draconian monks
  A tengu reaver (Depths:5)
  Donald (Elf:1)
  6 fire giants
  8 azure jellies
  6 frost giants
  2 daevas (Depths:5)
  4 draconian knights
  An iron dragon (Depths:5)
  3 orc warlords
  Louise (D:14)
  5 ghost moths
  2 draconian stormcallers
  8 deep elf sorcerers
  A cacodemon (Depths:5)
  A deep elf elementalist (Elf:3)
  A draconian annihilator (Zot:5)
  2 spriggan defenders
  6 emperor scorpions (Spider:4)
  4 draconian scorchers
  20 very ugly things
  2 reapers
  11 stone giants
  4 vampire knights
  An entropy weaver (shapeshifter) (Depths:5)
  3 deep elf demonologists
  2 entropy weavers
  5 black draconians
  7 red draconians
  6 green draconians
  4 deep elf annihilators (Elf:3)
  2 white draconians
  A minotaur (Lab)
  5 dire elephants (Lair:6)
  4 spark wasps
  9 yellow draconians
  7 purple draconians
  Snorg (Lair:6)
  9 ettins
  7 deep elf death magi
  6 death oozes (Slime:5)
  12 fire dragons
  Josephine (Lair:6)
  A merfolk impaler (Depths:1)
  12 great orbs of eyes
  2 jiangshi (Depths:5)
  2 deep elf high priests (Elf:3)
  15 ice dragons
  21 hydras
  Fannar (D:11)
  5 yaktaur captains
  2 hell beasts (Zot:3)
  4 rakshasas
  4 vault guards (D:14)
  5 centaur warriors
  9 alligators
  5 ghost crabs (Swamp:2)
  3 spriggan air magi
  An anaconda (Lair:6)
  8 two-headed ogres
  3 tengu warriors
  5 deep troll shamans
  24 dancing weapons
  A vampire mage (Depths:5)
  An ogre mage (D:15)
  4 orc high priests (Orc:2)
  2 deep troll earth magi (Depths:3)
  2 soul eaters
  4 spriggan berserkers (Depths:4)
  4 skeletal warriors (D:13)
  18 hell knights
  16 deep elf knights
  Nergalle (D:12)
  3 sun demons
  A sixfirhy (Depths:5)
  5 iron trolls
  A fire crab (shapeshifter) (Depths:5)
  8 spriggan druids
  2 salamander mystics (Depths:4)
  10 deep trolls
  5 glowing orange brains
  An unseen horror (D:11)
  An infernal demonspawn (Zot:3)
  9 swamp dragons
  A swamp dragon (shapeshifter) (Depths:2)
  4 flayed ghosts
  16 deep elf archers
  7 necromancers
  A lindwurm (shapeshifter) (Depths:2)
  19 orb spiders
  4 shambling mangroves
  20 wolf spiders
  20 ugly things
  A shining eye (shapeshifter) (Depths:2)
  4 orc sorcerers
  13 orc knights
  7 mana vipers
  3 cyclopes
  A manticore (shapeshifter) (Depths:1)
  6 salamanders (Depths:4)
  13 moths of wrath
  2 ice statues (IceCv)
  5 manticores
  75 deep elf magi
  A worldbinder (Abyss:3)
  An oklob plant (Lair:5)
  5 shining eyes
  7 elephants
  An eye of devastation (shapeshifter) (Depths:4)
  3 apocalypse crabs (Swamp:2)
  Psyche (D:12)
  6 orange demons
  A torpor snail (shapeshifter) (Depths:3)
  4 black mambas
  6 smoke demons
  2 rust devils
  A centaur skeleton (D:11)
  5 eyes of devastation
  Maurice (D:8)
  16 spiny frogs
  17 yaktaurs
  An efreet (D:13)
  7 komodo dragons
  6 rime drakes
  12 demonic crawlers
  A tengu conjurer (Depths:2)
  3 tormentors (Zot:3)
  2 hellwings
  5 red devils
  2 queen bees (shapeshifter) (Depths:2)
  A polar bear (Lair:6)
  24 jumping spiders
  A large abomination (Abyss:3)
  A wind drake (shapeshifter) (Depths:1)
  A jumping spider (shapeshifter) (D:15)
  6 tyrant leeches
  7 trolls
  9 bog bodies
  Prince Ribbit (D:6)
  8 blink frogs
  161 slime creatures
  20 hornets
  A raiju (Abyss:3)
  4 dream sheep (Lair:6)
  A hippogriff (shapeshifter) (Depths:1)
  13 hippogriffs
  A meliai zombie (D:10)
  2 flying skulls (Abyss:3)
  2 air elementals
  A shadow (Swamp:3)
  A centaur simulacrum (D:15)
  24 tarantellas
  7 wyverns
  A vampire (D:14)
  10 spriggans
  5 water elementals
  A ynoxinul (Zot:3)
  5 wraiths
  31 redbacks
  25 yaks
  A hog (shapeshifter) (Depths:2)
  A fire elemental (Elf:1)
  4 chaos spawn
  10 vampire mosquitoes
  4 basilisks
  A neqoxec (D:12)
  13 insubstantial wisps
  8 wargs
  An acid dragon (D:13)
  A hungry ghost (D:8)
  7 swamp worms
  13 water moccasins
  3 hell hounds (Hell)
  10 porcupines
  55 orc warriors
  25 ice beasts
  18 swamp drakes
  4 sky beasts
  3 black bears
  7 eyes of draining
  4 necrophages
  10 boggarts
  2 phantoms
  18 ogres
  13 crocodiles
  25 centaurs
  18 bullfrogs
  4 big kobolds (D:9)
  An earth elemental (Elf:1)
  A gnoll sergeant (D:9)
  A water moccasin zombie (D:5)
  3 scorpions
  6 killer bees
  6 howler monkeys
  18 wights
  6 electric eels (D:12)
  2 crimson imps
  6 centaur zombies
  5 hounds
  24 orc priests
  8 jellies
  A bullfrog zombie (D:9)
  A gnoll shaman (D:7)
  2 iguanas
  16 orc wizards
  7 hell rats (Lair:6)
  11 worker ants
  2 hound skeletons
  23 gnolls
  A howler monkey skeleton (D:8)
  9 adders
  4 shadow imps
  A white imp (Abyss:2)
  2 ufetubi
  6 oozes
  An adder skeleton (D:6)
  An adder zombie (D:7)
  4 worms
  3 dart slugs
  2 leopard geckos
  113 orcs
  3 ball pythons
  8 bats
  6 giant cockroaches
  25 goblins
  15 hobgoblins
  11 jackals
  5 quokkas
  2 frilled lizards
  3 kobolds (D:1)
  11 rats
  A bush (Lair:6)
  3 fire vortices
  A fungus (Lair:6)
  3 plants (Lair:6)
  A starspawn tentacle (Abyss:2)
1976 creatures vanquished.

Vanquished Creatures (collateral kills)
  A pandemonium lord (D:13)
  A storm dragon (Zot:3)
  A frost giant (Depths:3)
  A deep elf sorcerer (Elf:3)
  A deep elf annihilator (Elf:3)
  A yaktaur captain (Depths:5)
  A sixfirhy (Depths:5)
  Sigmund (D:3)
  An ogre (D:4)
  A wight (D:8)
  2 howler monkeys (D:8)
  2 adders (D:3)
  A worm (D:2)
  A leopard gecko (D:8)
  5 orcs
  A quokka (D:2)
  A frilled lizard (D:3)
23 creatures vanquished.

Vanquished Creatures (others)
  A tengu warrior (D:15)
  A cyclops (D:14)
  2 moths of wrath (Zot:5)
  A blink frog (Abyss:3)
  A swamp worm (Swamp:4)
  A swamp drake (Swamp:4)
  A quasit (Abyss:3)
  A briar patch (Swamp:4)
  136 fire vortices
  6 fungi (Lair:6)
  24 plants
  6 starspawn tentacles
181 creatures vanquished.

Grand Total: 2180 creatures vanquished

Notes
Turn   | Place    | Note
-------+----------+-------------------------------------------
     0 | D:1      | Amnesiac the Mummy Wizard began the quest for the Orb.
     0 | D:1      | Reached XP level 1. HP: 13/13 MP: 5/5
     0 | D:1      | Noticed a jelly
     1 | D:1      | Found a runed door.
   420 | D:1      | Reached XP level 2. HP: 17/19 MP: 0/7
   424 | D:1      | Learned a level 2 spell: Blink
   427 | D:1      | Learned a level 2 spell: Call Imp
   704 | D:3      | Reached skill level 5 in Spellcasting
  1022 | D:3      | Reached XP level 3. HP: 18/24 MP: 1/9
  1027 | D:3      | Learned a level 3 spell: Conjure Flame
  1031 | D:3      | Learned a level 3 spell: Mephitic Cloud
  1090 | D:3      | Noticed Sigmund
  1114 | D:3      | Killed Sigmund
  1114 | D:3      | Reached skill level 6 in Spellcasting
  1114 | D:3      | Reached skill level 1 in Conjurations
  1114 | D:3      | Reached XP level 4. HP: 22/30 MP: 0/12
  1487 | D:3      | Reached XP level 5. HP: 35/35 MP: 14/14
  1598 | D:4      | Noticed an ogre
  1629 | D:5      | Entered Level 5 of the Dungeon
  1843 | D:4      | Reached skill level 7 in Spellcasting
  2465 | D:4      | Reached XP level 6. HP: 41/41 MP: 6/16
  3204 | D:5      | Found a shadowy altar of Dithmenos.
  3205 | D:5      | Found a stormy altar of Qazlal.
  3206 | D:5      | Found a radiant altar of Vehumet.
  3214 | D:5      | Became a worshipper of Vehumet
  3330 | D:1      | Reached skill level 8 in Spellcasting
  3833 | D:1      | Reached * piety under Vehumet
  3833 | D:1      | Offered knowledge of Shock by Vehumet.
  4969 | D:3      | Offered knowledge of Flame Tongue by Vehumet.
  4989 | D:3      | Reached XP level 7. HP: 40/46 MP: 19/19
  5127 | D:3      | Reached ** piety under Vehumet
  5304 | D:5      | Got a smoking ring mail
  5383 | D:5      | Reached skill level 9 in Spellcasting
  5553 | D:5      | Reached skill level 10 in Spellcasting
  5974 | D:6      | Identified the +5 ring mail "Fycw" {MR+ Regen+ rCorr Int-3} (You found it on level 5 of the Dungeon)
  6024 | D:6      | Found a shadowy altar of Dithmenos.
  6085 | D:6      | Reached XP level 8. HP: 50/52 MP: 15/22
  6092 | D:6      | Reached skill level 11 in Spellcasting
  6506 | D:7      | Noticed Prince Ribbit
  6522 | D:6      | Killed Prince Ribbit
  6523 | D:6      | Reached skill level 12 in Spellcasting
  6623 | D:7      | Found a staircase to the Ecumenical Temple.
  6661 | D:7      | Found Migipp's Gadget Emporium.
  6764 | D:7      | Found a shadowy altar of Dithmenos.
  6770 | D:7      | Noticed a hippogriff
  6792 | D:7      | Killed a hippogriff
  6792 | D:7      | Reached skill level 13 in Spellcasting
  6941 | D:7      | Offered knowledge of Static Discharge by Vehumet.
  7150 | D:7      | Reached XP level 9. HP: 39/57 MP: 9/26
  7198 | D:8      | Got a heavily runed chain mail
  7215 | D:8      | Identified the +6 chain mail of Plasticity {Int+3 SInv} (You found it on level 8 of the Dungeon)
  7813 | D:8      | Found Muofiax's Antique Armour Shoppe.
  7832 | D:8      | Bought an embroidered robe for 125 gold pieces
  7842 | D:8      | Bought an embroidered robe for 125 gold pieces
  7850 | D:8      | Noticed a two-headed ogre
  7882 | D:8      | Killed a two-headed ogre
  7882 | D:8      | Reached skill level 14 in Spellcasting
  8007 | D:8      | Reached skill level 15 in Spellcasting
  8173 | D:8      | Noticed Maurice
  8198 | D:8      | Killed Maurice
  8200 | D:8      | Reached *** piety under Vehumet
  8402 | D:8      | Reached XP level 10. HP: 63/63 MP: 19/29
  8421 | D:8      | Learned a level 3 spell: Static Discharge
  8453 | D:8      | Reached skill level 16 in Spellcasting
  9076 | D:9      | Found an iron altar of Okawaru.
  9079 | D:9      | Offered knowledge of Ignite Poison by Vehumet.
  9133 | D:9      | Found a staircase to the Orcish Mines.
  9268 | D:9      | Reached skill level 17 in Spellcasting
  9313 | D:9      | Reached **** piety under Vehumet
  9507 | D:9      | Found a flagged portal.
  9519 | Bailey   | Entered a bailey
  9730 | Bailey   | Offered knowledge of Bolt of Draining by Vehumet.
  9764 | Bailey   | Learned a level 5 spell: Bolt of Draining
  9913 | Bailey   | Reached skill level 1 in Necromancy
  9975 | Bailey   | Noticed an orc knight
  9976 | Bailey   | Noticed an orc knight
  9990 | Bailey   | Killed an orc knight
 10098 | Bailey   | Reached ***** piety under Vehumet
 10117 | Bailey   | Killed an orc knight
 10117 | Bailey   | Reached skill level 18 in Spellcasting
 10184 | Bailey   | Noticed an orc warlord
 10196 | Bailey   | Offered knowledge of Iskenderun's Battlesphere by Vehumet.
 10227 | Bailey   | Killed an orc warlord
 10227 | Bailey   | Reached XP level 11. HP: 55/68 MP: 0/33
 10600 | Bailey   | Identified 2 scrolls of acquirement {!r}
 11137 | D:9      | Found a faded altar of an unknown god.
 11137 | D:9      | Found a faded altar of an unknown god.
 11142 | D:9      | Found a bloodstained altar of Trog.
 11146 | D:9      | Found a deep blue altar of Sif Muna.
 11148 | D:9      | Found a basalt altar of Yredelemnul.
 11266 | D:10     | Entered Level 10 of the Dungeon
 11308 | D:10     | Reached skill level 1 in Shields
 11437 | D:10     | Reached skill level 19 in Spellcasting
 11533 | D:10     | Found a staircase to the Lair.
 11534 | D:10     | Noticed a two-headed ogre
 11537 | D:10     | Killed a two-headed ogre
 11758 | D:10     | Got a heavily runed leather armour
 11769 | D:10     | Identified the +1 leather armour of Ziuje {rElec} (You found it on level 10 of the Dungeon)
 12038 | D:10     | Found Ufeg's Book Emporium.
 12071 | D:10     | Got a translucent dagger
 12204 | D:10     | Learned a level 5 spell: Iskenderun's Battlesphere
 12237 | Lair:1   | Entered Level 1 of the Lair of Beasts
 12624 | Lair:1   | Reached skill level 1 in Fighting
 12948 | Lair:2   | Noticed a five-headed hydra
 12953 | Lair:2   | Killed a five-headed hydra
 12953 | Lair:2   | Reached XP level 12. HP: 83/83 MP: 26/35
 13166 | Lair:2   | Reached skill level 5 in Fighting
 13414 | Lair:2   | Reached skill level 5 in Dodging
 13432 | Lair:2   | Noticed a six-headed hydra
 13437 | Lair:2   | Killed a six-headed hydra
 13626 | Lair:2   | Offered knowledge of Fireball by Vehumet.
 14005 | Lair:2   | Identified the +2 dagger of Regicide {vamp, rC- rN+ Stlth+} (You found it on level 10 of the Dungeon)
 14201 | Lair:3   | Found a hole to the Spider Nest.
 15185 | Lair:4   | Found a staircase to the Swamp.
 15253 | Lair:4   | Reached skill level 1 in Evocations
 15519 | Lair:4   | Got a jewelled short sword
 15520 | Lair:4   | Identified the +4 short sword "Ityadufel" {pierce, SInv} (You found it on level 4 of the Lair of Beasts)
 15765 | Lair:4   | Learned a level 5 spell: Fireball
 15993 | Lair:5   | Found a frozen archway.
 15994 | Lair:5   | Reached skill level 20 in Spellcasting
 16179 | IceCv    | Entered an ice cave
 16206 | IceCv    | Gained mutation: You are in touch with the powers of death. [Mummy growth]
 16206 | IceCv    | Reached XP level 13. HP: 91/91 MP: 35/37
 17506 | Lair:6   | Entered Level 6 of the Lair of Beasts
 17605 | Lair:6   | Offered knowledge of Yara's Violent Unravelling by Vehumet.
 17621 | Lair:6   | Learned a level 5 spell: Yara's Violent Unravelling
 17893 | Lair:6   | Noticed Snorg
 17915 | Lair:6   | Killed Snorg
 17978 | Lair:6   | Reached skill level 21 in Spellcasting
 17988 | Lair:6   | Noticed Josephine
 18004 | Lair:6   | Killed Josephine
 18226 | Lair:6   | Found a staircase to the Slime Pits.
 19019 | Lair:6   | Noticed a dire elephant
 19024 | Lair:6   | Killed a dire elephant
 19054 | Lair:6   | Noticed a dire elephant
 19054 | Lair:6   | Noticed a dire elephant
 19064 | Lair:6   | Killed a dire elephant
 19064 | Lair:6   | Killed a dire elephant
 19179 | Lair:6   | Noticed a dire elephant
 19181 | Lair:6   | Noticed a dire elephant
 19183 | Lair:6   | Killed a dire elephant
 19187 | Lair:6   | Killed a dire elephant
 19187 | Lair:6   | Reached skill level 22 in Spellcasting
 19427 | Orc:1    | Entered Level 1 of the Orcish Mines
 19661 | Orc:2    | Entered Level 2 of the Orcish Mines
 19679 | Orc:2    | Reached skill level 1 in Hexes
 19679 | Orc:2    | Reached XP level 14. HP: 53/98 MP: 12/40
 20495 | Orc:2    | Offered knowledge of Spellforged Servitor by Vehumet.
 21539 | Orc:2    | Found a roughly hewn altar of Beogh.
 21724 | Orc:2    | Found Lociaquko's Antique Weapon Emporium.
 21761 | Orc:2    | Found Arho's Gadget Shoppe.
 22365 | Orc:2    | Noticed an orc warlord
 22553 | Orc:2    | Killed an orc warlord
 22861 | Orc:2    | Found a roughly hewn altar of Beogh.
 22874 | Orc:2    | Reached skill level 23 in Spellcasting
 22992 | Orc:2    | Found Ydynosie's Jewellery Shop.
 23143 | Orc:2    | Found Soorgh's Antique Armour Emporium.
 23146 | Orc:2    | Reached ****** piety under Vehumet
 23146 | Orc:2    | Offered knowledge of Poison Arrow by Vehumet.
 23154 | Orc:2    | Bought an embroidered scarf for 256 gold pieces
 23271 | Orc:2    | Found the +6 shillelagh "Devastator" {shatter}
 23422 | Orc:2    | Found a staircase to the Elven Halls.
 23669 | Elf:1    | Entered Level 1 of the Elven Halls
 23809 | Orc:2    | Bought an uncursed ring of magical power for 360 gold pieces
 24265 | Elf:1    | Learned a level 6 spell: Poison Arrow
 24274 | Elf:1    | Noticed Nikola
 24569 | Elf:1    | Reached skill level 24 in Spellcasting
 26368 | Elf:1    | Learned a level 4 spell: Airstrike
 26483 | Elf:1    | Noticed Donald
 26600 | Elf:1    | Killed Nikola
 26600 | Elf:1    | Reached XP level 15. HP: 103/103 MP: 10/43
 26790 | Elf:1    | Killed Donald
 27599 | Elf:1    | Found Qoarusk's Jewellery Emporium.
 27762 | Elf:2    | Reached skill level 25 in Spellcasting
 27900 | Elf:2    | Found Banosel's Magic Scroll Shop.
 27911 | Elf:2    | Offered knowledge of Orb of Destruction by Vehumet.
 27928 | Elf:2    | Learned a level 7 spell: Orb of Destruction
 28402 | Elf:2    | Bought a scroll of amnesia for 56 gold pieces
 28429 | Elf:2    | Found a runed gate.
 28429 | Elf:2    | Found a runed gate.
 28690 | Elf:2    | Found a runed gate.
 29540 | Elf:2    | Reached skill level 26 in Spellcasting
 30449 | Elf:2    | Reached XP level 16. HP: 109/109 MP: 46/46
 31037 | Elf:3    | Entered Level 3 of the Elven Halls
 31117 | Elf:3    | Found Manihal's Jewellery Shop.
 31118 | Elf:3    | Found Qir Kig's Gadget Shoppe.
 31120 | Elf:3    | Found Offen's Jewellery Shop.
 31129 | Elf:3    | Bought a cursed ring of fire for 418 gold pieces
 31156 | Elf:3    | Offered knowledge of Bolt of Fire by Vehumet.
 31401 | Elf:3    | Noticed a deep elf blademaster
 31403 | Elf:3    | Reached skill level 27 in Spellcasting
 31405 | Elf:3    | Noticed a deep elf blademaster
 31408 | Elf:3    | Killed a deep elf blademaster
 31411 | Elf:3    | Killed a deep elf blademaster
 31417 | Elf:3    | Cast into level 2 of the Abyss (a deep elf sorcerer)
 31486 | Abyss:2  | Noticed a tentacled starspawn
 31520 | Abyss:2  | Killed a tentacled starspawn
 31520 | Abyss:2  | Reached skill level 5 in Shields
 31718 | Abyss:3  | Noticed a tentacled starspawn
 31727 | Abyss:3  | Found a corrupted altar of Lugonu.
 31956 | Abyss:3  | Found a corrupted altar of Lugonu.
 32013 | Abyss:3  | Noticed a lich
 32024 | Abyss:3  | Found a sacrificial altar of Ru.
 32429 | Abyss:3  | Noticed a tentacled starspawn
 32445 | Elf:3    | Escaped the Abyss
 32454 | Elf:3    | Noticed a deep elf master archer
 32457 | Elf:3    | Killed a deep elf master archer
 32457 | Elf:3    | Reached skill level 5 in Conjurations
 32910 | Elf:3    | Got a shimmering helmet
 32960 | Elf:3    | Identified the +1 helmet "Vafapywe" {rC++ rCorr Str-2 Dex+4} (You found it on level 3 of the Elven Halls)
 33394 | Elf:3    | Reached XP level 17. HP: 117/117 MP: 48/48
 33496 | Elf:3    | Noticed a deep elf master archer
 33502 | Elf:3    | Killed a deep elf master archer
 33772 | Elf:3    | Got a transparent triple sword {slice}
 33772 | Elf:3    | Got a pitted leather armour
 33772 | Elf:3    | Got a bound turquoise ring
 33964 | Elf:3    | Got a crude robe
 33984 | Elf:3    | Identified the Catalogue of Hurtful Fire
 33994 | Elf:3    | Got an ichor-stained cloak
 34002 | Elf:3    | Got a shadowed robe
 34019 | Elf:3    | Identified the ring of Pyromania {rF+ AC+4} (You took it off a deep elf mage on level 3 of the Elven Halls)
 34022 | Elf:3    | Identified the +0 robe "Sopnetech" {Str+2 Int+3 Dex+3 Slay+2} (You found it on level 3 of the Elven Halls)
 34025 | Elf:3    | Identified the +1 leather armour of Luqiryo {Int+5} (You took it off a deep elf mage on level 3 of the Elven Halls)
 34028 | Elf:3    | Identified the +2 robe "Aseschopse" {rElec rPois rC+} (You found it on level 3 of the Elven Halls)
 34030 | Elf:3    | Identified the cursed -2 cloak of Purpose {+Fly rN+++ Int-2 Stlth-} (You found it on level 3 of the Elven Halls)
 34261 | D:11     | Noticed Fannar
 34264 | D:11     | Killed Fannar
 34290 | D:11     | Learned a level 2 spell: Passwall
 34296 | D:11     | Learned a level 5 spell: Irradiate
 34619 | D:11     | Offered knowledge of Lehudib's Crystal Spear by Vehumet.
 34619 | D:11     | Offered knowledge of Fire Storm by Vehumet.
 34619 | D:11     | Offered knowledge of Shatter by Vehumet.
 35144 | D:12     | Noticed Nergalle
 35147 | D:12     | Killed Nergalle
 35192 | D:12     | Found a labyrinth entrance.
 35198 | D:12     | Got an ichor-stained leather armour
 35201 | D:12     | Identified the +3 leather armour of the Harp {rF+ Int+3} (You found it on level 12 of the Dungeon)
 35210 | Lab      | Entered a labyrinth
 35650 | D:12     | Noticed Psyche
 35652 | D:12     | Killed Psyche
 35661 | D:12     | Found Qatwep's Jewellery Boutique.
 35809 | D:12     | You fall through a shaft for 2 floors!
 35809 | D:14     | Found Putag's Antique Weapon Shop.
 35867 | D:14     | Found Hagg's Assorted Antiques.
 35888 | D:14     | Found Diyshaz's Magic Scroll Shop.
 35976 | D:14     | Found a gate to the Vaults.
 36192 | D:14     | Got a crystal morningstar
 36215 | D:14     | Found Gunaw's Antique Armour Shoppe.
 36218 | D:14     | Bought a shimmering helmet for 313 gold pieces
 36218 | D:14     | Identified the +2 helmet of Impermeability {-Tele rN+ Int+3 SInv} (You bought it in a shop on level 14 of the Dungeon)
 36571 | D:13     | Reached skill level 1 in Fire Magic
 37467 | D:14     | Found Ginwukuta's Assorted Antiques.
 37467 | D:14     | Noticed Louise
 37473 | D:14     | Killed Louise
 37511 | D:14     | Bought a glowing shield for 202 gold pieces
 37536 | D:14     | Got an encrusted trident
 37537 | D:14     | Identified the +6 morningstar of the Lesser Evil {crush, Int+3} (You found it on level 14 of the Dungeon)
 37539 | D:14     | Identified the +6 trident "Gywaur" {drain, *Noise rPois Dex+2} (You found it on level 14 of the Dungeon)
 37723 | D:15     | Entered Level 15 of the Dungeon
 37735 | D:15     | Found a staircase to the Depths.
 37746 | D:15     | Reached skill level 5 in Fire Magic
 38024 | D:15     | Found a shattered altar of Ashenzari.
 38879 | Spider:1 | Entered Level 1 of the Spider Nest
 39148 | Spider:1 | Got a twitching iron ring
 39193 | Spider:1 | Identified the ring of Fogiev {+Inv rPois Int+9 SInv Stlth-} (You found it on level 1 of the Spider Nest)
 39485 | Spider:2 | Reached XP level 18. HP: 132/132 MP: 46/49
 41616 | Spider:4 | Entered Level 4 of the Spider Nest
 41713 | Spider:4 | Got a bound amber ring
 41715 | Spider:4 | Identified the cursed ring "Pokhlu" {+Blink rPois rC++ Str-2 Slay-5} (You found it on level 4 of the Spider Nest)
 41745 | Spider:4 | Got a pitted buckler
 41756 | Spider:4 | Identified the -5 buckler "Qyefabaes" {Int+7} (You acquired it on level 4 of the Spider Nest)
 41780 | Spider:4 | Got a pair of ancient boots
 41791 | Spider:4 | Identified the +0 pair of boots of the Untouchables {rCorr MP+9} (You acquired it on level 4 of the Spider Nest)
 42380 | Spider:4 | Got a gossamer rune of Zot
 42826 | Swamp:1  | Entered Level 1 of the Swamp
 43081 | Swamp:1  | Reached skill level 10 in Fire Magic
 43112 | Swamp:1  | Reached skill level 10 in Conjurations
 44419 | Swamp:2  | Found a runed door.
 44632 | Swamp:2  | Reached XP level 19. HP: 138/138 MP: 45/50
 44951 | Swamp:2  | Got a fine battleaxe
 44953 | Swamp:2  | Got a transparent brass amulet
 44954 | Swamp:2  | Identified the amulet "Qecal" {+Rage MP+9} (You found it on level 2 of the Swamp)
 44973 | Swamp:2  | Learned a level 9 spell: Fire Storm
 45876 | Swamp:4  | Entered Level 4 of the Swamp
 46060 | Swamp:4  | Noticed Roxanne
 46973 | Swamp:4  | Killed Roxanne
 46975 | Swamp:4  | Identified Roxanne's Handbook of the Mountains (You took it off Roxanne on level 4 of the Swamp)
 47218 | Swamp:4  | Got a decaying rune of Zot
 47415 | Slime:1  | Entered Level 1 of the Pits of Slime
 48305 | Slime:2  | Noticed Dissolution
 48310 | Slime:2  | Killed Dissolution
 48715 | Slime:3  | Reached XP level 20. HP: 103/144 MP: 40/51
 50198 | Slime:5  | Entered Level 5 of the Pits of Slime
 50902 | Slime:5  | Found a viscous altar of Jiyva.
 50962 | Slime:5  | Noticed the Royal Jelly
 50968 | Slime:5  | Killed the Royal Jelly
 51014 | Slime:5  | Got a slimy rune of Zot
 51039 | Slime:5  | Got a vibrating pewter ring
 51070 | Slime:5  | Got an ichor-stained short sword
 51116 | Slime:5  | Identified the cursed ring "Loiskek" {rF+ Int-3} (You found it on level 5 of the Pits of Slime)
 51133 | Slime:5  | Got a fine copper ring
 51145 | Slime:5  | Identified the ring "Hopees Eza" {+Fly rElec} (You found it on level 5 of the Pits of Slime)
 51147 | Slime:5  | Identified the cursed +0 short sword of the Spider {pierce, *Rage +Fly MR++ Int+3} (You found it on level 5 of the Pits of Slime)
 51158 | Slime:5  | Got a dazzling ring mail
 51162 | Slime:5  | Got a smoking broad axe
 51166 | Slime:5  | Identified the +3 broad axe "Kiqeas" {protect, rF+} (You found it on level 5 of the Pits of Slime)
 51168 | Slime:5  | Identified the +4 ring mail of the Buccaneer {rElec Int+3} (You found it on level 5 of the Pits of Slime)
 51651 | Depths:1 | Entered Level 1 of the Depths
 51925 | Depths:1 | Reached XP level 21. HP: 124/150 MP: 52/52
 52491 | Depths:1 | Found a gateway to Hell.
 52806 | Depths:2 | Found a runed door.
 53040 | Depths:2 | Reached skill level 15 in Conjurations
 53040 | Depths:2 | Reached skill level 15 in Fire Magic
 53168 | Depths:2 | Got a heavily runed ivory ring
 53172 | Depths:2 | Identified the Grimoire of Companions
 53177 | Depths:2 | Got a twisted leather armour
 53379 | Depths:2 | Identified the ring of Rofeanka {+Blink MR+} (You found it on level 2 of the Depths)
 53689 | Depths:2 | Found a gateway to a ziggurat.
 53706 | Depths:2 | Got a brightly glowing shield
 53717 | Depths:2 | Identified the +2 shield "Weerew" {rElec Str+5 Int+3 Stlth-} (You acquired it on level 2 of the Depths)
 54179 | Depths:2 | Identified the +3 leather armour of the Fiddle {MP+9 Str+4} (You found it on level 2 of the Depths)
 54570 | Depths:3 | Noticed a caustic shrike
 54573 | Depths:3 | Killed a caustic shrike
 54780 | Depths:3 | Noticed a juggernaut
 54784 | Depths:3 | Killed a juggernaut
 54818 | Depths:3 | Reached XP level 22. HP: 101/157 MP: 25/53
 55197 | Depths:3 | Found a one-way gate leading to the halls of Pandemonium.
 55349 | Hell     | Entered the Vestibule of Hell
 55349 | Hell     | Noticed Geryon
 55354 | Hell     | Killed Geryon
 56189 | Depths:4 | Found a runed door.
 56217 | Depths:4 | Got a spiked chain mail
 56242 | Depths:4 | Found a runed door.
 56248 | Depths:4 | Noticed an ancient lich
 56256 | Depths:4 | Killed an ancient lich
 56778 | Depths:4 | Found a one-way gate to the infinite horrors of the Abyss.
 57277 | Depths:4 | Noticed a juggernaut
 57280 | Depths:4 | Killed a juggernaut
 57649 | Depths:5 | Entered Level 5 of the Depths
 58479 | Depths:5 | Reached XP level 23. HP: 162/162 MP: 54/54
 58563 | Depths:5 | Noticed a juggernaut
 58565 | Depths:5 | Killed a juggernaut
 58944 | Depths:5 | Found a gate to the Realm of Zot.
 59031 | Zot:1    | Entered Level 1 of the Realm of Zot
 59535 | Zot:5    | Entered Level 5 of the Realm of Zot
 59671 | Zot:5    | Noticed a curse toe
 59675 | Zot:5    | Killed a curse toe
 59675 | Zot:5    | Reached XP level 24. HP: 102/169 MP: 42/54
 59841 | Zot:5    | Noticed an ancient lich
 59845 | Zot:5    | Killed an ancient lich
 60149 | Zot:5    | Noticed an ancient lich
 60153 | Zot:5    | Killed an ancient lich
 60191 | Zot:5    | Noticed an orb of fire
 60199 | Zot:5    | Killed an orb of fire
 60316 | Zot:5    | Noticed an ancient lich
 60318 | Zot:5    | Noticed an orb of fire
 60326 | Zot:5    | Killed an orb of fire
 60326 | Zot:5    | Reached skill level 10 in Shields
 60327 | Zot:5    | Killed an ancient lich
 60340 | Zot:5    | Noticed an ancient lich
 60343 | Zot:5    | Killed an ancient lich
 60762 | Zot:5    | Noticed an orb of fire
 60769 | Zot:5    | Killed an orb of fire
 60775 | Zot:5    | Noticed an ancient lich
 60779 | Zot:5    | Killed an ancient lich
 60782 | Zot:5    | Identified the +4 chain mail of Greed {+Fly rN++ Int-2} (You found it on level 4 of the Depths)
 61038 | Zot:5    | Noticed an orb of fire
 61052 | Zot:5    | Killed an orb of fire
 61348 | Zot:5    | Reached XP level 25. HP: 175/175 MP: 31/54
 61439 | Zot:5    | Noticed an orb of fire
 61445 | Zot:5    | Killed an orb of fire
 61447 | Zot:5    | Noticed an orb of fire
 61451 | Zot:5    | Killed an orb of fire
 61841 | Zot:5    | Noticed an orb of fire
 61845 | Zot:5    | Killed an orb of fire
 62173 | Zot:5    | Got the Orb of Zot
 62227 | Zot:5    | Reached skill level 15 in Shields
 62712 | Zot:3    | Reached skill level 10 in Dodging
 62723 | Zot:3    | Reached skill level 10 in Fighting
 62842 | Depths:5 | Noticed Fiboig Cizeo the pandemonium lord
 62843 | Depths:5 | Killed Fiboig Cizeo the pandemonium lord
 62951 | Depths:5 | Noticed a seraph
 62955 | Depths:5 | Killed a seraph
 62956 | Depths:5 | Gained mutation: You are strongly in touch with the powers of death. [Mummy growth]
 62956 | Depths:5 | Reached XP level 26. HP: 172/187 MP: 5/54
 63195 | D:13     | Noticed Taimofuisk the pandemonium lord
 63198 | D:13     | Killed Taimofuisk the pandemonium lord
 63283 | D:8      | Noticed Bang the pandemonium lord
 63286 | D:8      | Killed Bang the pandemonium lord
 63417 | D:$      | Escaped with the Orb!

Vault maps used:
D:1:      dpeg_arrival_caged_fury, minmay_misc_feat_rows, minmay_hedge_maze,
          item_on_display_a
D:3:      first_ration, uniq_sigmund
D:5:      grunt_temple_overflow_open
D:6:      basic_altar, st_stairs_14, minmay_misc_feat_doors
D:7:      temple_statues, serial_shops, nicolae_shop_trees, the_bakery,
          minmay_misc_feat_nine_boxes, grunt_dithmenos_smoke,
          uniq_prince_ribbit1
D:8:      serial_shops, nicolae_shop_overgrown_old_shop, uniq_maurice
D:9:      chequers_temple_overflow_minitemple,
          kennysheep_orc_monster_closet_entryway, enter_bailey_1, basic_altar
D:10:     lair_entry_dummy, serial_shops, shop
D:11:     serial_undead, serial_undead_c, serial_undead_e, serial_undead_e,
          serial_undead_e, serial_undead_a, small_statue_intersection,
          uniq_fannar
D:12:     serial_shops, nicolae_shop_competitors_out_of_business, serial_bayou,
          serial_bayou_pond_d, serial_bayou_shore_b, serial_bayou_pond_e,
          serial_bayou_ford_a, lab_entry_generic, uniq_nergalle, uniq_psyche
D:14:     lightli_vaults_fourway_checkpoint, serial_shops,
          nicolae_shop_behind_doors, shop_statue, shop, kennysheep_mini_moat,
          shop, uniq_louise
D:15:     hangedman_depths_entry_civil_slaughter, minmay_misc_feat_ornament,
          nicolae_ashenzari_panopticon
Lair:3:   nicolae_spider_entry_orb_guardian, serial_forest,
          infiniplex_forest_join, infiniplex_forest_corner_1,
          infiniplex_forest_clump_curved, infiniplex_forest_clump_double
Lair:4:   swamp_mist, infiniplex_staircase_pool
Lair:5:   portal_ice_cave_entry_ice_beasts
Lair:6:   due_jungle_book, nicolae_slime_entry_slimehenge, uniq_snorg,
          uniq_josephine
Swamp:1:  nicolae_swamp_fairy_circle
Swamp:2:  gammafunk_mikee_crab_dinner, evilmike_swamp_ruin_house_2, swamp_pool2,
          nicolae_swamp_hydra_murder_den
Swamp:3:  serial_swamp_ruin, hangedman_swamp_ruin_hall,
          evilmike_swamp_ruin_house_6, evilmike_swamp_ruin_house_4
Swamp:4:  swamp_basic_johnstein, uniq_roxanne
Spider:1: guppyfry_hornet_nest
Spider:4: guppyfry_spider_rune
Slime:2:  uniq_dissolution
Orc:2:    pubby_orc_utopia, serial_shops
Elf:1:    eino_elf_arrival_sip, serial_shops, nicolae_shop_window_shopping,
          minmay_elf_crystal_heptagon, guppyfry_library_mini, uniq_donald,
          uniq_nikola
Elf:2:    serial_shops, shop_scrolls
Elf:3:    elf_hall, minmay_shop_grove
Depths:1: minmay_misc_feat_roman, pf_coc_iceberg, grunt_ministairs_12,
          kennysheep_generic_room_2, serial_bayou_shore_a
Depths:2: minmay_the_grid_triangle_9x9_recursive_3, enter_ziggurat_d,
          hangedman_abyss_or_decor_passed, hell_entry
Depths:3: hangedman_cross_stitches, hell_entry, rand_demon_pan_entry_1,
          minivault_16
Depths:4: cheibrodos_witchhunters_guild, nicolae_abyss_entry_one_way_or_another,
          pf_vacation_house_of_asmodeus, hangedman_decor_growths,
          minmay_staircase_bubble
Depths:5: grunt_runaround, hell_entry
Zot:2:    kennysheep_six_static_rooms
Zot:3:    lemuel_draconian_sentries_small, nicolae_zot_crop_circle
Zot:4:    hangedman_hellfire_club
Zot:5:    hangedman_zot_gyre
Abyss:2:  onia_ninara_dug_in_and_dangerous
Abyss:3:  evilmike_nicolae_abyss_rune_containment_curve
Abyss:4:  evilmike_abyss_exit_12,
          evilmike_nicolae_abyss_rune_betentacled_crabyss, evilmike_abyss_exit_9
Lab:      labyrinth_spiral, nicolae_lab_big_swirl, nicolae_lab_t_cross,
          nicolae_lab_flowing_pool, nicolae_lab_grate
Bailey:   bailey_axe_minmay_hex_keep, bailey
IceCv:    ice_cave_small_dragons

Skill      XL: |  1  2  3  4  5  6  7  8  9 10 11 12 13 14 15 16 17 18 19 20 21 22 23 24 25 26 |
---------------+-------------------------------------------------------------------------------+-----
Spellcasting   | 5 6 7 8 10 13 15 18 19 20 22 24 26 27 | 27.0
Conjurations   | 1 2 3 7 8 10 12 14 16 17 18 19 | 19.0
Necromancy     | 3 |  3.0
Shields        | 4 5 13 15 | 15.0
Dodging        | 4 6 7 9 11 | 11.7
Fighting       | 4 5 6 9 10 11 | 11.0
Evocations     | 1 4 |  4.0
Stealth        | 3 4 |  4.0
Hexes          | 1 3 |  3.0
Fire Magic     | 7 10 12 14 16 17 18 19 | 19.0
Summonings     | |  0.7
Translocations | |  0.7

Action                   |  1- 3 |  4- 6 |  7- 9 | 10-12 | 13-15 | 16-18 | 19-21 | 22-24 | 25-27 || total
-------------------------+-------+-------+-------+-------+-------+-------+-------+-------+-------++-------
Melee: Whip              |    14 |     6 |       |       |       |       |       |       |       ||    20
       Morningstar       |       |   170 |   107 |       |       |       |       |       |       ||   277
       Staff             |       |       |       |    10 |     4 |     4 |       |     2 |     4 ||    24
       Quick blade       |       |       |       |       |       |     7 |    16 |       |       ||    23
       Shillelagh        |       |       |       |       |       |     6 |       |       |       ||     6
 Fire: Hunting sling     |       |       |    67 |   295 |       |       |       |       |       ||   362
 Cast: Magic Dart        |    23 |    78 |    54 |    11 |       |       |       |       |       ||   166
       Call Imp          |    15 |     6 |     9 |       |     1 |       |       |       |       ||    31
       Mephitic Cloud    |     1 |     7 |    16 |    19 |     2 |       |       |       |       ||    45
       Conjure Flame     |       |     3 |    12 |     8 |       |     1 |       |       |       ||    24
       Blink             |       |       |     2 |     1 |     6 |     6 |     2 |     8 |     4 ||    29
       Bolt of Draining  |       |       |       |   208 |   443 |   387 |   466 |   197 |    46 ||  1747
       Static Discharge  |       |       |       |    18 |     6 |       |       |       |       ||    24
       Fireball          |       |       |       |     3 |   105 |   188 |    93 |       |       ||   389
       Poison Arrow      |       |       |       |       |    39 |       |       |       |       ||    39
       Airstrike         |       |       |       |       |    82 |    35 |       |       |       ||   117
       Yara's Violent Un |       |       |       |       |     6 |     5 |       |       |       ||    11
       Iskenderun's Batt |       |       |       |       |     1 |     1 |       |       |       ||     2
       Orb of Destructio |       |       |       |       |       |    50 |    32 |    32 |    18 ||   132
       Passwall          |       |       |       |       |       |     3 |       |     2 |     1 ||     6
       Irradiate         |       |       |       |       |       |     6 |       |     2 |     7 ||    15
       Fire Storm        |       |       |       |       |       |       |    26 |   115 |    44 ||   185
Evoke: Wand              |       |       |     3 |    12 |    13 |     5 |     3 |     3 |    16 ||    55
       Lamp of fire      |       |       |       |       |     2 |     2 |     1 |       |       ||     5
       Phial of floods   |       |       |       |       |     2 |     2 |       |       |       ||     4
       Sack of spiders   |       |       |       |       |     1 |       |       |       |       ||     1
       Staff of energy   |       |       |       |       |       |       |       |       |    12 ||    12
  Use: Scroll            |       |     7 |     7 |     9 |    11 |    23 |    18 |     5 |       ||    80
 Stab: Confused          |       |     2 |     2 |       |       |       |       |       |       ||     4
       Sleeping          |       |     2 |       |       |       |       |       |       |       ||     2
       Distracted        |       |       |       |       |       |     1 |       |       |       ||     1
       Paralysed         |       |       |       |       |       |       |     3 |       |       ||     3
Armor: Robe              |     8 |    32 |     3 |    50 |    29 |    44 |    12 |    11 |     6 ||   195
       Ring mail         |       |    67 |   140 |    22 |       |       |       |       |       ||   229
       Leather armour    |       |       |       |       |     1 |       |       |       |       ||     1
Dodge: Dodged            |    39 |   166 |   123 |   122 |   105 |   107 |    67 |    57 |    34 ||   820
       Deflected         |       |       |       |       |    11 |    23 |    23 |     7 |     1 ||    65
Block: Buckler           |       |       |       |     2 |    33 |    67 |       |       |       ||   102
       Reflection        |       |       |       |       |       |    10 |       |       |       ||    10
       Shield            |       |       |       |       |       |       |       |       |    45 ||    45

Table legend:
 A = Spawn XP
 B = Non-spawn XP
 C = Spawn XP percentage of total XP
 D = Spawn monster count
 E = Non-spawn monster count
 F = Spawn count percentage of total count
 G = Total turns spent on level
                    A         B        C        D         E        F      G
               +---------+---------+-------+---------+---------+-------+---------
         Total |    4331 | 1220581 |   0.4 |      10 |    1904 |   0.5 | 63417
               +---------+---------+-------+---------+---------+-------+---------
           D:1 |       0 |     129 |   0.0 |       0 |      36 |   0.0 |  1067
           D:2 |       0 |      28 |   0.0 |       0 |      12 |   0.0 |  1584
           D:3 |       0 |     291 |   0.0 |       0 |      30 |   0.0 |  1041
           D:4 |       0 |     286 |   0.0 |       0 |      13 |   0.0 |  1531
           D:5 |       0 |     446 |   0.0 |       0 |       9 |   0.0 |  1045
           D:6 |       0 |     819 |   0.0 |       0 |      13 |   0.0 |   784
           D:7 |       0 |     899 |   0.0 |       0 |      19 |   0.0 |   725
           D:8 |       0 |    3255 |   0.0 |       0 |      35 |   0.0 |  1614
           D:9 |       0 |    3687 |   0.0 |       0 |      41 |   0.0 |  1075
          D:10 |       0 |    2075 |   0.0 |       0 |      24 |   0.0 |  1078
          D:11 |       0 |    7429 |   0.0 |       0 |      42 |   0.0 |  1004
          D:12 |       0 |    5583 |   0.0 |       0 |      22 |   0.0 |   805
          D:13 |       0 |   11399 |   0.0 |       0 |      35 |   0.0 |   887
          D:14 |       0 |   15130 |   0.0 |       0 |      32 |   0.0 |   825
          D:15 |       0 |   12933 |   0.0 |       0 |      25 |   0.0 |  1014
        Lair:1 |       0 |    4049 |   0.0 |       0 |      18 |   0.0 |   813
        Lair:2 |       0 |    5216 |   0.0 |       0 |      20 |   0.0 |  1180
        Lair:3 |       0 |    3749 |   0.0 |       0 |      10 |   0.0 |  1266
        Lair:4 |       0 |    6071 |   0.0 |       0 |      24 |   0.0 |   920
        Lair:5 |       0 |    4802 |   0.0 |       0 |      25 |   0.0 |  1372
        Lair:6 |       0 |   18154 |   0.0 |       0 |      47 |   0.0 |  1658
       Swamp:1 |       0 |    9942 |   0.0 |       0 |      26 |   0.0 |   993
       Swamp:2 |       0 |   26237 |   0.0 |       0 |      50 |   0.0 |  1333
       Swamp:3 |       0 |   12151 |   0.0 |       0 |      39 |   0.0 |  1156
       Swamp:4 |       0 |   34151 |   0.0 |       0 |      69 |   0.0 |  1048
      Spider:1 |       0 |    7786 |   0.0 |       0 |      24 |   0.0 |   520
      Spider:2 |       0 |   18769 |   0.0 |       0 |      43 |   0.0 |   965
      Spider:3 |       0 |   10278 |   0.0 |       0 |      30 |   0.0 |  1215
      Spider:4 |       0 |   29556 |   0.0 |       0 |      52 |   0.0 |  1093
       Slime:1 |       0 |   17049 |   0.0 |       0 |      34 |   0.0 |   955
       Slime:2 |       0 |   26048 |   0.0 |       0 |      26 |   0.0 |   690
       Slime:3 |       0 |   29280 |   0.0 |       0 |      30 |   0.0 |   554
       Slime:4 |       0 |   11178 |   0.0 |       0 |      32 |   0.0 |   689
       Slime:5 |       0 |   61909 |   0.0 |       0 |      56 |   0.0 |  1108
         Orc:1 |       0 |    1800 |   0.0 |       0 |      39 |   0.0 |   796
         Orc:2 |       0 |   19679 |   0.0 |       0 |     141 |   0.0 |  3783
         Elf:1 |       0 |   31873 |   0.0 |       0 |      44 |   0.0 |  4108
         Elf:2 |       0 |   44230 |   0.0 |       0 |      63 |   0.0 |  3089
         Elf:3 |       0 |   60538 |   0.0 |       0 |      58 |   0.0 |  1630
      Depths:1 |       0 |   25495 |   0.0 |       0 |      32 |   0.0 |  1003
      Depths:2 |       0 |   51142 |   0.0 |       0 |      47 |   0.0 |  1793
      Depths:3 |       0 |   60381 |   0.0 |       0 |      64 |   0.0 |  1337
      Depths:4 |       0 |   79637 |   0.0 |       0 |      75 |   0.0 |  2025
      Depths:5 |       0 |  106934 |   0.0 |       0 |      79 |   0.0 |  1578
          Hell |       0 |    6592 |   0.0 |       0 |       6 |   0.0 |     7
         Zot:1 |       0 |    1297 |   0.0 |       0 |       1 |   0.0 |   171
         Zot:2 |       0 |   11938 |   0.0 |       0 |      10 |   0.0 |   298
         Zot:3 |       0 |   53226 |   0.0 |       0 |      31 |   0.0 |   545
         Zot:5 |       0 |  252465 |   0.0 |       0 |      78 |   0.0 |  2722
       Abyss:2 |    2308 |       0 | 100.0 |       2 |       0 | 100.0 |   130
       Abyss:3 |    2023 |    1229 |  62.2 |       8 |       3 |  72.7 |   887
           Lab |       0 |    1246 |   0.0 |       0 |       1 |   0.0 |   162
        Bailey |       0 |    4717 |   0.0 |       0 |      69 |   0.0 |  1094
         IceCv |       0 |    5398 |   0.0 |       0 |      20 |   0.0 |   618
               +---------+---------+-------+---------+---------+-------+---------
